 Dungeon Crawl Stone Soup version 0.20.0 (webtiles) character file.

352177 azrac the End of an Era (level 23, 0/183 HPs)
             Began as a Formicid Fighter on May 28, 2017.
             Was the Champion of Qazlal.
             Splashed by a caustic shrike's acid (4 damage)
             ... on level 5 of the Depths on May 29, 2017.
             The game lasted 01:49:41 (38876 turns).

azrac the End of an Era (Formicid Fighter)         Turns: 38876, Time: 01:49:42

Health: 0/183      AC: 40    Str: 31    XL:     23   Next: 27%
Magic:  30/37      EV: 11    Int:  8    God:    Qazlal [******]
Gold:   2314       SH: 23    Dex: 10    Spells: 22/22 levels left

rFire    + . .     SeeInvis +   b - +2 battleaxe (freeze)
rCold    + . .     Gourm    .   X - +0 shield {rF+}
rNeg     . . .     Faith    .   w - +15 Maxwell's patent armour {-Cast -Tele rElec MR+ rCorr}
rPois    +         Spirit   .   (helmet unavailable)
rElec    +         Reflect  .   m - +2 cloak {MR+}
rCorr    +         Harm     .   x - +2 pair of gloves
MR       ++++.     NoCast   +   l - +0 pair of boots
Stlth    ..........             C - amulet of regeneration
Regen    0.8/turn               y - ring of protection from cold
MPRegen  0.3/turn               r - ring "Oppesoef" {rPois EV-2 Slay+4}

@: protected from physical damage, corroded, repel missiles
A: permanent stasis, dig shafts and tunnels, four strong arms, antennae 3
}: 2/15 runes: serpentine, barnacled
a: Dig, Shaft Self, Upheaval, Elemental Force, Disaster Area, Renounce Religion


You were on level 5 of the Depths.
You worshipped Qazlal.
Qazlal was exalted by your worship.
You were not hungry.

You visited 7 branches of the dungeon, and saw 37 of its levels.
You also visited: Labyrinth and Ice Cave.

You collected 3292 gold pieces.
You spent 978 gold pieces at shops.

Inventory:

Hand Weapons
 a - a +6 war axe of flaming
 b - a +2 battleaxe of freezing (weapon)
Armour
 l - a +0 pair of boots (worn)
 m - a +2 cloak of magic resistance (worn)
 w - the +15 Maxwell's patent armour (worn) {-Cast -Tele rElec MR+ rCorr}
   (You found it on level 11 of the Dungeon)

   It insulates you from electricity.
   It affects your resistance to hostile enchantments.
   It prevents spellcasting.
   It prevents most forms of teleportation.
   It protects you from acid and corrosion.
 x - a +2 pair of gloves (worn)
 X - a +0 shield of fire resistance (worn)
Jewellery
 r - the ring "Oppesoef" (right hand) {rPois EV-2 Slay+4}
   (You found it in a labyrinth)

   [ring of evasion]

   It affects your evasion (-2).
   It affects your accuracy and damage with ranged weapons and melee attacks
   (+4).
   It protects you from poison.
 y - a ring of protection from cold (left hand)
 z - an uncursed ring of protection from magic
 C - an amulet of regeneration (around neck)
 E - an uncursed ring of protection from magic
 G - a +6 ring of strength
 T - an uncursed ring of resist corrosion
 V - an uncursed ring of flight
 Z - a +2 ring of intelligence {unknown}
Wands
 j - a wand of digging (7/24)
 s - a wand of clouds (6/9)
 J - a wand of scattershot (3/9)
 M - a wand of acid (2/15)
 Y - a wand of digging (24/24)
Scrolls
 e - 20 scrolls of remove curse
 h - 17 scrolls of identify
 n - 3 scrolls of immolation
 o - 6 scrolls of amnesia
 p - 7 scrolls of fear
 q - 5 scrolls of magic mapping
 D - 3 scrolls of fog
 F - a scroll of enchant armour
 I - 3 scrolls of holy word
 Q - a scroll of recharging
 R - 2 scrolls of summoning
 S - 2 scrolls of silence
 U - 3 scrolls of enchant weapon
Potions
 c - 4 potions of magic
 d - 5 potions of might
 g - 6 potions of heal wounds
 i - 4 potions of mutation
 k - 17 potions of curing
 u - a potion of ambrosia
 A - a potion of cancellation
 B - 5 potions of resistance
 K - 7 potions of brilliance
 L - 9 potions of agility
 O - 7 potions of flight
 P - 2 potions of invisibility
Miscellaneous
 W - a phantom mirror
Comestibles
 f - 14 bread rations
 t - 51 fruits
 v - 26 chunks of flesh
 H - 12 meat rations
 N - 7 royal jellies


   Skills:
 + Level 15.8 Fighting
 * Level 19.9 Axes
 + Level 16.1 Armour
 + Level 11.3 Dodging
 + Level 17.0 Shields
 * Level 20.9 Invocations


You had 22 spell levels left.
You didn't know any spells.

Dungeon Overview and Level Annotations

Branches:
Dungeon (15/15)            Temple (1/1) D:6            Lair (6/6) D:10
 Shoals (4/4) Lair:3        Snake (4/4) Lair:3        Slime (0/5) Lair:5
    Orc (2/2) D:10            Elf (0/3) Orc:2        Vaults (0/5) D:14
 Depths (5/5) D:15
    Zot: Depths:5

Altars:
Elyvilon
Fedhas
Gozag
Kikubaaqudgha
Makhleb
Nemelex Xobeh
Okawaru
Qazlal
Ru
Trog
Vehumet
Xom
Zin
The Shining One

Shops:
D:9 %   D:10 ?(*   Orc:1 *   Orc:2 *!?([   Depths:1 (   Depths:2 *?}}=}

Portals:
Hell: Depths:1 Depths:2 Depths:3 Depths:4 Depths:5
Abyss: Depths:3 Depths:4
Pandemonium: Depths:3
Ziggurat: Depths:3
Trove: Depths:3 (give horn of Geryon)

Annotations:
D:8 exclusion: ice statue
Lair:3 exclusion: oklob plant


Innate Abilities, Weirdness & Mutations

You cannot be hasted, slowed, berserked, paralysed or teleported.
You can dig through walls and to a lower floor.
Your four strong arms can wield two-handed weapons with a shield.
You have a pair of large antennae on your head. (SInv)


Message History

You closely miss the caustic shrike.
The caustic shrike is severely wounded.
The caustic shrike is engulfed in freezing vapours.
The caustic shrike claws you!
* * * LOW HITPOINT WARNING * * *
You are splashed with acid!
The acid burns!
You resist.
* * * LOW HITPOINT WARNING * * *
The caustic shrike is engulfed in freezing vapours.
The caustic shrike claws you!
* * * LOW HITPOINT WARNING * * *
You are splashed with acid!
The acid burns!
You resist.
* * * LOW HITPOINT WARNING * * *
You hit the caustic shrike but do no damage.
The caustic shrike is severely wounded.
You hear a deafening roar!
The caustic shrike is engulfed in freezing vapours.
The caustic shrike claws you!
* * * LOW HITPOINT WARNING * * *
You are splashed with acid!
The acid burns!
You resist.
You die...

{#.....###
{{{##....#
#....##
##....#
#....#
#....#
#§...#
{#..§.#
{{##@'##{
{##b§##
{{{#.XC.#
{ {{#)†).#
{{{#..[.#
{ #..#.# {
##.##.#
{{{
#..[)## {
{##..#.#


You could see a tentacled monstrosity, a titan and a caustic shrike.

Vanquished Creatures
  Mara (Snake:4)
  2 juggernauts
  Saint Roka (Snake:3)
  2 golden dragons
  Nikola (Snake:2)
  2 caustic shrikes (Depths:5)
  A lich (Depths:5)
  The ghost of craggadee the Hoplite, an adept MiBe of Trog (Shoals:2)
  2 krakens
  Polyphemus (Shoals:2)
  2 tengu reavers (Depths:5)
  Roxanne (Snake:2)
  Ilsuiw (Shoals:3)
  2 storm dragons (Depths:5)
  8 nagarajas
  An iron dragon (Depths:5)
  5 fire giants
  7 frost giants
  Aizul (Snake:4)
  A balrug (Depths:3)
  2 spriggan defenders
  2 vampire knights (Depths:5)
  16 very ugly things
  9 stone giants
  Azrael (D:12)
  A black draconian (Depths:5)
  Nessos (Lair:4)
  10 spark wasps
  5 ettins
  4 merfolk javelineers
  8 great orbs of eyes
  2 jiangshi (Depths:3)
  A quicksilver dragon zombie (Depths:4)
  4 fire dragons
  10 yaktaur captains
  4 ogre magi
  5 merfolk impalers
  Erolcha (D:12)
  A rakshasa (Depths:3)
  Fannar (D:10)
  A minotaur (Lab)
  10 hydras
  4 vault guards (D:14)
  11 naga warriors
  7 spriggan air magi
  4 ice dragons
  5 centaur warriors
  3 merfolk avatars
  7 satyrs
  17 anacondas
  Erica (D:11)
  A death knight (D:11)
  2 catoblepae
  2 merfolk aquamancers
  5 deep troll shamans
  2 alligator snapping turtles (Shoals:3)
  4 death yaks
  13 two-headed ogres
  5 deep troll earth magi
  7 tengu warriors
  3 spriggan berserkers
  2 vampire magi (Depths:3)
  12 naga sharpshooters
  3 orc high priests (Orc:2)
  Nergalle (Lair:4)
  2 sun demons (Depths:3)
  2 hell knights (Depths:3)
  15 shock serpents
  5 salamander mystics
  A skeletal warrior (D:11)
  A golden dragon zombie (Depths:4)
  6 sea snakes
  3 iron trolls
  2 unseen horrors
  A flayed ghost (Depths:4)
  16 deep trolls
  A golden dragon skeleton (Depths:4)
  Pikel (D:5)
  8 naga ritualists
  17 harpies
  A wolf spider zombie (D:15)
  6 orc sorcerers
  3 cyclopes
  5 deep elf magi
  6 orc knights
  4 necromancers
  26 fauns
  23 ugly things
  6 mana vipers
  14 manticores
  A manticore (shapeshifter) (Depths:2)
  12 guardian serpents
  18 salamanders
  22 elephants
  28 black mambas
  8 water nymphs
  19 naga magi
  A rust devil (Depths:2)
  5 centaur zombies
  Joseph (D:10)
  10 merfolk sirens
  2 gargoyles (D:10)
  14 spiny frogs
  Psyche (D:9)
  5 centaur skeletons
  27 yaktaurs
  4 rime drakes
  3 freezing wraiths
  A kobold demonologist (D:12)
  11 komodo dragons
  A redback zombie (D:15)
  2 ice devils (Orc:1)
  34 merfolk
  A tengu conjurer (D:14)
  8 trolls
  3 meliai (shapeshifter)
  2 hornets
  7 wind drakes
  A tyrant leech (shapeshifter) (Depths:5)
  18 polar bears
  18 hippogriffs
  A wind drake (shapeshifter) (Depths:3)
  6 snapping turtles
  22 slime creatures
  4 dream sheep (Lair:3)
  9 blink frogs
  7 air elementals
  Sigmund (D:2)
  2 wraiths
  4 wyverns
  A hog (shapeshifter) (Depths:3)
  11 water elementals
  49 yaks
  Eustachio (D:5)
  3 fire bats (Depths:3)
  2 fire bats (shapeshifter) (Depths:4)
  A basilisk (D:15)
  A human (D:14)
  3 hungry ghosts
  2 fire elementals (D:12)
  A warg (Snake:3)
  A soldier ant (shapeshifter) (Depths:3)
  51 nagas
  13 water moccasins
  2 hell hounds
  A floating eye (Depths:2)
  20 orc warriors
  10 porcupines
  A black bear (Lair:1)
  A sky beast (D:6)
  2 ice beasts
  A phantom (D:4)
  2 eyes of draining
  15 ogres
  50 wolves
  15 crocodiles
  15 centaurs
  6 big kobolds
  16 bullfrogs
  7 scorpions
  10 killer bees
  4 howler monkeys
  3 wights (D:10)
  4 electric eels (D:10)
  A bullfrog zombie (D:5)
  A crimson imp (D:8)
  2 quasits
  6 hounds
  6 jellies
  A water moccasin simulacrum (D:11)
  2 bullfrog skeletons
  16 orc priests
  An iguana (D:8)
  17 orc wizards
  Terence (D:2)
  8 worker ants
  3 hound skeletons
  A howler monkey zombie (D:7)
  A worker ant zombie (D:9)
  8 adders
  5 shadow imps
  2 oozes
  An adder skeleton (D:5)
  3 worms
  2 dart slugs (D:1)
  7 leopard geckos
  46 orcs
  2 ball pythons (D:1)
  2 bats (D:1)
  3 giant cockroaches
  4 goblins
  5 hobgoblins
  A jackal (D:4)
  5 quokkas
  3 frilled lizards
  A jackal skeleton (D:4)
  19 kobolds
  A leopard gecko skeleton (D:4)
  A quokka skeleton (D:4)
  6 rats
  2 fungi (Lair:5)
  12 plants
  6 tentacles
1321 creatures vanquished.

Vanquished Creatures (others)
  A merfolk siren (Shoals:1)
  A rime drake (shapeshifter) (Depths:1)
  2 polar bears (IceCv)
  A merfolk (Shoals:4)
  A water elemental (Shoals:4)
  A naga (Snake:4)
  A wight (D:10)
  A bullfrog zombie (D:5)
  An orc priest (Orc:2)
  An orc wizard (D:6)
  An orc (Snake:4)
  A bush (Lair:5)
  4 fungi
  19 plants
  10 tentacles
46 creatures vanquished.

Grand Total: 1367 creatures vanquished

Notes
Turn   | Place    | Note
-------+----------+-------------------------------------------
     0 | D:1      | azrac the Formicid Fighter began the quest for the Orb.
     0 | D:1      | Reached XP level 1. HP: 18/18 MP: 1/1
   196 | D:1      | Reached XP level 2. HP: 20/24 MP: 2/2
   611 | D:1      | Reached XP level 3. HP: 23/29 MP: 3/3
   900 | D:2      | Noticed Terence
   906 | D:2      | Killed Terence
   906 | D:2      | Reached XP level 4. HP: 34/37 MP: 4/4
  1146 | D:2      | Noticed Sigmund
  1158 | D:2      | Killed Sigmund
  1158 | D:2      | Reached XP level 5. HP: 30/43 MP: 5/5
  1158 | D:2      | Reached XP level 6. HP: 34/49 MP: 6/6
  1211 | D:2      | Found an opulent altar of Gozag.
  1211 | D:2      | Found a glowing silver altar of Zin.
  2305 | D:4      | Reached skill level 5 in Shields
  2437 | D:4      | Found a shimmering altar of Xom.
  2501 | D:4      | Noticed a phantom
  2527 | D:4      | Killed a phantom
  2527 | D:4      | Reached XP level 7. HP: 20/55 MP: 7/7
  2628 | D:4      | Reached skill level 5 in Fighting
  3131 | D:5      | Entered Level 5 of the Dungeon
  3200 | D:5      | Reached skill level 5 in Axes
  3395 | D:5      | Found a glowing golden altar of the Shining One.
  3480 | D:5      | Reached skill level 5 in Armour
  3537 | D:5      | Reached XP level 8. HP: 30/62 MP: 8/8
  3604 | D:5      | Noticed Pikel
  3656 | D:5      | Killed Pikel
  3682 | D:5      | Found a burning altar of Makhleb.
  3683 | D:5      | Noticed Eustachio
  3699 | D:5      | Killed Eustachio
  3699 | D:5      | Reached XP level 9. HP: 67/69 MP: 9/9
  4449 | D:6      | Found a white marble altar of Elyvilon.
  4524 | D:6      | Found a staircase to the Ecumenical Temple.
  4532 | Temple   | Entered the Ecumenical Temple
  4538 | Temple   | Became a worshipper of Qazlal Stormbringer
  4757 | D:7      | Found a sparkling altar of Nemelex Xobeh.
  5422 | D:8      | Reached * piety under Qazlal
  5436 | D:8      | Noticed an ice statue
  5461 | D:8      | Reached XP level 10. HP: 79/79 MP: 10/10
  5975 | D:9      | Found Lygy's Food Shop.
  6296 | D:9      | Noticed Psyche
  6310 | D:9      | Killed Psyche
  6566 | D:9      | Reached skill level 1 in Invocations
  6778 | D:10     | Entered Level 10 of the Dungeon
  6778 | D:10     | Noticed Fannar
  6860 | D:10     | Reached skill level 2 in Invocations
  7234 | D:9      | Reached skill level 3 in Invocations
  7234 | D:9      | Reached XP level 11. HP: 81/86 MP: 13/13
  7262 | D:10     | Found a staircase to the Lair.
  7416 | D:10     | Killed Fannar
  7416 | D:10     | Reached skill level 10 in Axes
  7442 | D:10     | Reached skill level 4 in Invocations
  7446 | D:10     | Reached ** piety under Qazlal
  7481 | D:10     | Found Daex's Magic Scroll Shop.
  7605 | D:10     | Found Iluo's Antique Weapon Shoppe.
  7613 | D:10     | Bought a runed war axe for 130 gold pieces
  7665 | D:10     | Noticed Joseph
  7675 | D:10     | Killed Joseph
  7725 | D:10     | Found a staircase to the Orcish Mines.
  7797 | D:10     | Noticed a two-headed ogre
  7807 | D:10     | Killed a two-headed ogre
  7807 | D:10     | Reached skill level 5 in Invocations
  7818 | D:10     | Got a brightly glowing ring mail
  7822 | D:10     | Identified the +0 ring mail of Inivek {Str+5} (You took it off Joseph on level 10 of the Dungeon)
  7883 | D:10     | Found Fonolib's General Store.
  8047 | D:11     | Noticed a centaur warrior
  8047 | D:11     | Noticed a centaur warrior
  8047 | D:11     | Noticed a two-headed ogre
  8047 | D:11     | Noticed a cyclops
  8123 | D:10     | HP: 1/87 [freezing wraith (16)]
  8287 | Lair:1   | Entered Level 1 of the Lair of Beasts
  8350 | Lair:1   | Found a labyrinth entrance.
  8359 | Lab      | Entered a labyrinth
  8578 | Lab      | Noticed a minotaur
  8588 | Lab      | Killed a minotaur
  8593 | Lab      | Identified the Incunabulum of Enthralling Combat Magic
  8594 | Lab      | Got a shimmering ivory ring
  8604 | Lair:1   | Identified the cursed ring "Oppesoef" {rPois EV-2 Slay+4} (You found it in a labyrinth)
  8653 | Lair:1   | Reached skill level 6 in Invocations
  8840 | Lair:1   | Noticed a four-headed hydra
  8850 | Lair:1   | Killed a one-headed hydra
  8850 | Lair:1   | Reached skill level 10 in Shields
  9323 | Lair:2   | Noticed a four-headed hydra
  9333 | Lair:2   | Killed a one-headed hydra
  9333 | Lair:2   | Reached skill level 7 in Invocations
  9333 | Lair:2   | Reached XP level 12. HP: 85/95 MP: 17/17
  9908 | Lair:3   | Found a staircase to the Snake Pit.
  9990 | Lair:3   | Found a staircase to the Shoals.
 10650 | Lair:3   | Reached skill level 8 in Invocations
 11096 | Lair:4   | Noticed a six-headed hydra
 11115 | Lair:4   | Killed a three-headed hydra
 11363 | Lair:4   | Noticed a seven-headed hydra
 11370 | Lair:4   | Killed a five-headed hydra
 11370 | Lair:4   | Reached skill level 9 in Invocations
 11451 | Lair:4   | Reached XP level 13. HP: 94/103 MP: 19/19
 11457 | Lair:4   | Reached *** piety under Qazlal
 11457 | Lair:4   | Reached skill level 10 in Fighting
 11630 | Lair:4   | Noticed Nergalle
 11634 | Lair:4   | Killed Nergalle
 11634 | Lair:4   | Reached skill level 10 in Armour
 11806 | Lair:5   | Noticed Nessos
 11822 | Lair:4   | Killed Nessos
 11977 | Lair:5   | Reached skill level 10 in Invocations
 12241 | Lair:5   | Found a staircase to the Slime Pits.
 12291 | Lair:5   | Reached skill level 11 in Invocations
 12334 | Lair:5   | Reached **** piety under Qazlal
 12737 | Lair:5   | Reached XP level 14. HP: 104/111 MP: 22/22
 12980 | Lair:6   | Entered Level 6 of the Lair of Beasts
 13164 | Lair:5   | Reached skill level 1 in Dodging
 13426 | Lair:5   | Reached ***** piety under Qazlal
 13429 | Lair:5   | Reached skill level 12 in Invocations
 14493 | Orc:1    | Entered Level 1 of the Orcish Mines
 14524 | Orc:1    | Found a frozen archway.
 14572 | IceCv    | Entered an ice cave
 14781 | IceCv    | Reached XP level 15. HP: 119/119 MP: 24/24
 15004 | IceCv    | Noticed a frost giant
 15020 | IceCv    | Killed a frost giant
 15704 | Orc:1    | Found Qostreli's Assorted Antiques.
 15740 | Orc:2    | Entered Level 2 of the Orcish Mines
 15746 | Orc:2    | Reached skill level 13 in Invocations
 15821 | Orc:2    | Noticed a stone giant
 15856 | Orc:2    | Killed a stone giant
 15933 | Orc:2    | Found a staircase to the Elven Halls.
 16248 | Orc:2    | Found Niemuull's Needful Niceties.
 16412 | Orc:2    | Found Goxzutug's Antique Armour Shoppe.
 16416 | Orc:2    | Found Xonnuwot's Antique Weapon Shop.
 16422 | Orc:2    | Found Yqoacw's Magic Scroll Shop.
 16424 | Orc:2    | Found Cereihec's Distillery.
 16893 | Orc:2    | Bought a steaming shield for 237 gold pieces
 16893 | Orc:2    | Bought a steaming chain mail for 237 gold pieces
 16904 | Orc:2    | Identified the +5 shield of Gahiun {rC- Regen+ Dex+4} (You bought it in a shop on level 2 of the Orcish Mines)
 16914 | Orc:2    | Identified the cursed +1 chain mail of Nonul {rElec rPois rN+ MR-} (You bought it in a shop on level 2 of the Orcish Mines)
 17164 | D:11     | Noticed Erica
 17200 | D:11     | Killed Erica
 17737 | D:12     | Noticed Erolcha
 17944 | D:12     | Noticed Azrael
 17990 | D:12     | Reached skill level 5 in Dodging
 18016 | D:12     | Killed Azrael
 18077 | D:12     | Killed Erolcha
 18127 | D:12     | Reached XP level 16. HP: 97/127 MP: 26/26
 18139 | D:12     | Reached skill level 14 in Invocations
 18854 | D:12     | Got a pitted scale mail
 18855 | D:12     | Identified the cursed +0 scale mail "Henn" {Dex+8} (You found it on level 12 of the Dungeon)
 18868 | D:12     | Reached ****** piety under Qazlal
 19054 | D:13     | Found a blossoming altar of Fedhas.
 19296 | D:13     | Reached skill level 15 in Axes
 19437 | D:13     | Found an iron altar of Okawaru.
 20413 | D:14     | Found a gate to the Vaults.
 20644 | D:15     | Entered Level 15 of the Dungeon
 21039 | D:15     | Found a staircase to the Depths.
 21587 | Snake:1  | Entered Level 1 of the Snake Pit
 21968 | Orc:2    | Bought a runed cloak for 187 gold pieces
 21968 | Orc:2    | Bought a shiny buckler for 187 gold pieces
 22211 | Snake:1  | Reached skill level 15 in Invocations
 22220 | Snake:1  | Reached XP level 17. HP: 91/135 MP: 28/28
 23657 | Snake:2  | Noticed Roxanne
 24010 | Snake:2  | Killed Roxanne
 24011 | Snake:2  | Identified Roxanne's Volume of Clay (You took it off Roxanne on level 2 of the Snake Pit)
 24038 | Snake:3  | Noticed Nikola
 24052 | Snake:2  | Killed Nikola
 24549 | Snake:3  | Reached skill level 16 in Invocations
 24894 | Snake:3  | Reached XP level 18. HP: 131/143 MP: 30/30
 25324 | Shoals:1 | Entered Level 1 of the Shoals
 26748 | Shoals:2 | Noticed craggadee's ghost (adept MiBe)
 26831 | Shoals:2 | Noticed Polyphemus
 27067 | Shoals:2 | Killed Polyphemus
 27324 | Shoals:2 | Noticed a kraken
 27334 | Shoals:2 | Killed a kraken
 27488 | Shoals:2 | Killed craggadee's ghost
 28193 | Shoals:3 | Found an ancient bone altar of Kikubaaqudgha.
 28196 | Shoals:3 | Noticed a kraken
 28214 | Shoals:3 | Killed a kraken
 28214 | Shoals:3 | Reached skill level 17 in Invocations
 28486 | Shoals:4 | Entered Level 4 of the Shoals
 28486 | Shoals:4 | Noticed Ilsuiw
 28754 | Shoals:3 | Reached XP level 19. HP: 80/151 MP: 31/31
 28763 | Shoals:3 | Killed Ilsuiw
 29497 | Shoals:4 | Got a sparkling tin ring
 29552 | Shoals:4 | Got a barnacled rune of Zot
 29901 | Shoals:4 | Got a dazzling ring mail
 29915 | Shoals:4 | Identified a scroll of acquirement
 29923 | Shoals:4 | Identified the +4 ring mail of Behooq {rN+++ Int-5 Dex+7} (You found it on level 4 of the Shoals)
 29924 | Shoals:4 | Identified the ring "Hyipeimpo" {rN+ Str+4 Int-4 Stlth-} (You took it off a merfolk on level 4 of the Shoals)
 30102 | Snake:4  | Entered Level 4 of the Snake Pit
 30111 | Snake:4  | Noticed Aizul
 30125 | Snake:4  | Killed Aizul
 30133 | Snake:4  | Reached skill level 15 in Shields
 30610 | Snake:4  | Reached skill level 18 in Invocations
 30759 | Snake:4  | Noticed Mara
 30765 | Snake:4  | Reached XP level 20. HP: 73/159 MP: 33/33
 30771 | Snake:4  | Noticed azrac's illusion
 30771 | Snake:4  | Noticed Saint Roka
 30971 | Snake:4  | Noticed azrac's illusion
 30982 | Snake:4  | Killed Mara
 31273 | Snake:3  | Killed Saint Roka
 32205 | Snake:4  | Got a serpentine rune of Zot
 32721 | Depths:1 | Entered Level 1 of the Depths
 32721 | Depths:1 | Found a gateway to Hell.
 33148 | Depths:1 | Found Sokene's Weapon Boutique.
 33443 | Depths:1 | Identified the Catalogue of Forking Paths
 33691 | Depths:2 | Found Oxtetu's Assorted Antiques.
 33693 | Depths:2 | Found Cozeics's Magic Scroll Emporium.
 33834 | Depths:2 | Reached skill level 19 in Invocations
 33978 | Depths:2 | Reached XP level 21. HP: 107/166 MP: 31/34
 34225 | Depths:2 | Reached skill level 15 in Armour
 34310 | Depths:2 | Found Pejap's Gadget Shop.
 34310 | Depths:2 | Found Biarea Enunn's Jewellery Shoppe.
 34311 | Depths:2 | Found Ywammess's Gadget Shop.
 34342 | Depths:2 | Found Reycwu's Gadget Shop.
 34365 | Depths:2 | Noticed a juggernaut
 34373 | Depths:2 | Killed a juggernaut
 34421 | Depths:2 | Reached skill level 10 in Dodging
 35128 | Depths:3 | Found a gateway to a ziggurat.
 35679 | Depths:3 | Reached skill level 15 in Fighting
 36418 | Depths:3 | Reached XP level 22. HP: 156/175 MP: 35/35
 36649 | Depths:3 | Reached skill level 20 in Invocations
 36660 | Depths:3 | Got a coiled copper amulet
 36663 | Depths:3 | Identified the amulet of Fethra {RegenMP Str+4 Stlth-} (You found it on level 3 of the Depths)
 36711 | Depths:3 | Found a one-way gate leading to the halls of Pandemonium.
 36906 | Depths:3 | Found a one-way gate to the infinite horrors of the Abyss.
 36935 | Depths:3 | Found a portal to a secret trove of treasure.
 37366 | Depths:4 | Noticed a golden dragon
 37405 | Depths:4 | Killed a golden dragon
 38315 | Depths:5 | Entered Level 5 of the Depths
 38646 | Depths:5 | Noticed a juggernaut
 38659 | Depths:5 | Killed a juggernaut
 38699 | Depths:5 | Noticed a caustic shrike
 38716 | Depths:5 | Killed a caustic shrike
 38720 | Depths:5 | Reached XP level 23. HP: 140/183 MP: 37/37
 38836 | Depths:5 | Noticed a golden dragon
 38840 | Depths:5 | Noticed a caustic shrike
 38840 | Depths:5 | Noticed a caustic shrike
 38870 | Depths:5 | Killed a golden dragon
 38870 | Depths:5 | Killed a caustic shrike
 38876 | Depths:5 | HP: 4/183 [caustic shrike (8)]
 38876 | Depths:5 | Splashed by a caustic shrike's acid

Skill      XL: |  1  2  3  4  5  6  7  8  9 10 11 12 13 14 15 16 17 18 19 20 21 22 23 |
---------------+----------------------------------------------------------------------+-----
Shields        | 4 5 6 7 9 10 11 12 13 14 15 16 17 | 17.0
Axes           | 3 4 5 6 8 9 11 12 13 14 15 16 17 18 19 | 19.9
Fighting       | 4 5 6 7 8 9 10 11 12 13 14 15 | 15.8
Armour         | 4 5 6 7 8 9 10 11 12 13 14 15 16 | 16.1
Invocations    | 3 7 9 11 12 13 15 16 17 18 19 20 | 20.9
Dodging        | 3 5 6 7 8 9 10 11 | 11.3

Action                   |  1- 3 |  4- 6 |  7- 9 | 10-12 | 13-15 | 16-18 | 19-21 | 22-24 || total
-------------------------+-------+-------+-------+-------+-------+-------+-------+-------++-------
Melee: War axe           |    62 |   140 |   311 |   467 |   739 |   974 |   463 |       ||  3156
       Battleaxe         |       |       |       |       |       |       |   623 |   459 ||  1082
Invok: Upheaval          |       |       |       |       |     9 |     5 |     4 |     5 ||    23
       Disaster Area     |       |       |       |       |       |     1 |     4 |       ||     5
 Abil: Dig               |       |       |       |     1 |     2 |     6 |     3 |     1 ||    13
Evoke: Wand              |       |       |       |    10 |       |       |       |       ||    10
  Use: Scroll            |       |       |       |    21 |     2 |     4 |    12 |     2 ||    41
       Potion            |       |       |       |     6 |       |       |       |     3 ||     9
 Stab: Distracted        |       |     1 |     1 |       |       |     1 |       |     1 ||     4
       Invisible         |       |       |       |     4 |       |       |       |       ||     4
  Eat: Chunk             |       |     5 |    10 |    20 |    20 |    29 |    22 |     8 ||   114
       Fruit             |       |       |       |     3 |     4 |     9 |     5 |       ||    21
Armor: Scale mail        |    38 |    50 |    81 |    48 |       |       |       |       ||   217
       Plate armour      |       |       |       |   110 |   255 |   412 |   656 |   235 ||  1668
       Chain mail        |       |       |       |       |    85 |   121 |       |       ||   206
Dodge: Dodged            |    28 |    49 |    80 |   108 |   141 |   302 |   363 |   124 ||  1195
       Deflected         |       |       |       |       |     6 |    69 |    77 |    11 ||   163
Block: Shield            |    35 |    88 |   147 |   340 |   602 |    44 |       |   235 ||  1491
       Other             |       |       |       |       |    41 |    91 |       |       ||   132
       Buckler           |       |       |       |       |       |   520 |   860 |   145 ||  1525
